 Dungeon Crawl Stone Soup version 0.31.0-11-ge490571c62 (webtiles) character file.

Game seed: 9651461963412120677

62 Rassilon the Trooper (level 3, -1/29 HPs)
             Began as a Demonspawn Monk on Jan 30, 2024.
             Slain by Edmund
             ... wielding a +1 flail of protection
              (4 damage)
             ... on level 4 of the Dungeon.
             The game lasted 00:13:39 (1858 turns).

Rassilon the Trooper (Demonspawn Monk)              Turns: 1858, Time: 00:13:39

Health: -1/29      AC:  4    Str: 14 (15) XL:     3   Next: 85%
Magic:  3/3        EV: 13    Int: 14 (15) God:
Gold:   59         SH:  0    Dex: 15 (16) Spells: 2/2 levels left

rFire   . . .        a - +0 falchion
rCold   . . .        d - orb {light}
rNeg    + . .        b - +0 robe
rPois   .            (no helmet)
rElec   .            (no cloak)
rCorr   .            (no gloves)
SInv    .            (no boots)
Will    .....        (no amulet)
Stlth   +            g - ring of positive energy
HPRegen 0.24/turn    l - +6 ring of intelligence
MPRegen 0.08/turn

%: no passive effects
@: attractive, hasted (expiring), glowing, very quick
A: yellow scales 1, mutation resistance 1, strong 1
a: no special abilities


You were on level 4 of the Dungeon.
You visited 1 branch of the dungeon, and saw 4 of its levels.

You collected 59 gold pieces.

Inventory:

Hand Weapons
 a - a +0 falchion (weapon)
Missiles
 r - 5 poisoned darts (quivered)
Armour
 b - a +0 robe (worn)
 d - an orb of light (worn)
Jewellery
 g - a ring of positive energy (left hand)
 l - a +6 ring of intelligence (right hand)
Wands
 q - a wand of polymorph (10)
Scrolls
 e - a scroll of enchant weapon {unknown}
 f - a scroll of silence {unknown}
 h - a scroll of identify {unknown}
 j - 2 scrolls of vulnerability {unknown}
 k - 3 scrolls of teleportation {unknown}
 n - a scroll of blinking {unknown}
 s - a scroll of enchant armour {unknown}
Potions
 i - a potion of mutation
 p - 2 potions of attraction


   Skills:
 + Level 3.6 Fighting
 * Level 3.5 Long Blades
 + Level 3.2 Dodging


You had 2 spell levels left.
You didn't know any spells.
Your spell library contained the following spells:

 Spells                   Type           Power      Damage    Failure   Level
 Dazzling Flash           Conj/Hex       0%         N/A       65%         3
 Volatile Blastmotes      Fire/Tloc      0%         2d10      65%         3
 Starburst                Conj/Fire      0%         6d3       100%        6
 Maxwell's Capacitive Co  Air            0%         ∞         100%        8


Dungeon Overview and Level Annotations

Branches:
Dungeon (4/15)
 Temple: D:4-7

Altars:
Gozag

Annotations:
D:4 Edmund


Innate Abilities, Weirdness & Mutations

You are partially covered in yellow scales. (AC +2)
You are somewhat resistant to further mutation.
Your muscles are strong. (Str +4, Int/Dex -1)


Message History

Edmund is moderately wounded.
Edmund hits you but does no damage.
You hit Edmund but do no damage.
Edmund is moderately wounded.
You hit Edmund but do no damage.
Edmund is moderately wounded.
Edmund barely misses you.
You hit Edmund but do no damage.
Edmund is moderately wounded.
Edmund barely misses you.
You hit Edmund but do no damage.
Edmund is moderately wounded.
You hit Edmund.
Edmund is moderately wounded.
Edmund completely misses you.
You hit Edmund but do no damage.
Edmund is moderately wounded.
Edmund hits you with a +1 flail of protection.
You hit Edmund but do no damage.
Edmund is moderately wounded.
Edmund hits you with a +1 flail of protection.
Okay, then.
You hit Edmund but do no damage.
Edmund is moderately wounded.
Edmund closely misses you.
You hit Edmund but do no damage.
Edmund is moderately wounded.
You hit Edmund but do no damage.
Edmund is moderately wounded.
Edmund hits you with a +1 flail of protection!
* * * LOW HITPOINT WARNING * * *
You hit Edmund.
Edmund is moderately wounded.
Edmund closely misses you.
You hit Edmund.
Edmund is heavily wounded.
Your extra speed is starting to run out.
Edmund hits you with a +1 flail of protection.
You die...
Edmund says, "That'll show my brother!"

#......
#......#
#......#
#......#
+.......
#......########
#.............#
######@.....<.#
#@.......#
##########


You could see Edmund.

Vanquished Creatures
  An adder (D:2)
  2 ribbon worms (D:2)
  An orc (D:3)
  5 endoplasms
  2 giant cockroaches (D:2)
  4 goblins
  4 hobgoblins (D:1)
  5 quokkas
  3 ball pythons
  5 bats
  4 frilled lizards
  5 kobolds
  5 rats
46 creatures vanquished.

Notes
Turn   | Place    | Note
-------+----------+-------------------------------------------
     0 | D:1      | Rassilon the Demonspawn Monk began the quest for the Orb.
     0 | D:1      | Reached XP level 1. HP: 18/18 MP: 1/1
   127 | D:1      | Gained mutation: You are partially covered in yellow
                  | scales. (AC +2) [demonic ancestry]
   127 | D:1      | Reached XP level 2. HP: 20/24 MP: 2/2
   668 | D:2      | Reached XP level 3. HP: 29/29 MP: 3/3
  1630 | D:3      | Found a faded altar of an unknown god.
  1633 | D:3      | Found an opulent altar of Gozag.
  1818 | D:4      | Noticed Edmund
  1828 | D:4      | Gained mutation: Your muscles are strong. (Str +4, Int/Dex
                  | -1) [potion of mutation]
  1828 | D:4      | Gained mutation: You are somewhat resistant to further
                  | mutation. [potion of mutation]
  1858 | D:4      | Slain by Edmund

Illustrated notes

Levels and vault maps discovered:
D:1:      scummos_arrival_simple_fountains, layout_basic
D:2:      layout_rooms
D:3:      layout_loops_ring, nicolae_overflow_ecumenical_swirl
D:4:      layout_basic, mainiacjoe_overflow_cross_hatched, serial_shops,
          nicolae_lakefront_shop, nrook_uturn, minivault_23, uniq_grinder,
          uniq_duvessa, uniq_sigmund, uniq_edmund

Skill      XL: |  1  2 |
---------------+-------+-----
Long Blades    | 3 |  3.5
Dodging        | 3 |  3.2
Fighting       | |  3.6

Action                     || total
---------------------------++-------
  Melee: Falchion          ||   138
    Use: Potion            ||     5
 Armour: Robe              ||    57
  Dodge: Dodged            ||    86
